 Dungeon Crawl Stone Soup version 0.25-a0-201-g0bb11aece9 (webtiles) character file.

Game seed: 11815659430401459839, levelgen mode: deterministic

7289 MisterFreud the Nimble (level 10, -26/51 HPs)
             Began as a Felid Artificer on Dec 2, 2019.
             Was a Believer of Uskayaw.
             Annihilated by Rupert
             ... wielding a +1 great mace of protection
              (31 damage)
             ... on level 4 of the Lair of Beasts.
             The game lasted 00:41:29 (19640 turns).

MisterFreud the Nimble (Felid Artificer)           Turns: 19640, Time: 00:41:30

Health: -26/51     AC:  2    Str: 13    XL:     10   Next: 89%
Magic:  17/17      EV: 29    Int: 16    God:    Uskayaw [**....]
Gold:   739        SH:  0    Dex: 17    Spells: 15/15 levels left
                                        Lives:  0   Deaths: 2

rFire    . . .     SeeInvis +     - Unarmed
rCold    . . .     Gourm    .   (shield unavailable)
rNeg     . . .     Faith    .   (armour unavailable)
rPois    .         Spirit   .   (helmet unavailable)
rElec    .         Reflect  .   (cloak unavailable)
rCorr    .         Harm     .   (gloves unavailable)
MR       ++...                  (boots unavailable)
Stlth    ++++++....             a - amulet of regeneration
HPRegen  0.57/turn              D - ring of stealth
MPRegen  0.15/turn              x - ring of protection from magic

@: mighty, quick
A: very small, no armour, no weapons or thrown items, stealth, claws 1, fangs 3,
see invisible, carnivore, speed 1, shaggy fur 2, slow metabolism 1, sharp paws
a: Stomp, Line Pass, Renounce Religion


You were on level 4 of the Lair of Beasts.
You worshipped Uskayaw.
Uskayaw was aware of your devotion.
You were not hungry.

You visited 3 branches of the dungeon, and saw 16 of its levels.

You collected 899 gold pieces.
You spent 160 gold pieces at shops.

Inventory:

Jewellery
 a - an amulet of regeneration (around neck)
 l - an uncursed ring of magical power
 x - a ring of protection from magic (right paw)
 A - an uncursed ring of wizardry
 D - a ring of stealth (left paw)
Wands
 b - a wand of enslavement (9)
 q - a wand of polymorph (15)
 w - a wand of flame (15)
 y - a wand of acid (12)
Scrolls
 e - a scroll of amnesia
 f - 9 scrolls of teleportation
 h - a scroll of fear
 p - 4 scrolls of remove curse
 r - a scroll of holy word
 s - 2 scrolls of magic mapping
 u - 2 scrolls of fog
Potions
 g - 2 potions of ambrosia
 i - 2 potions of invisibility
 j - 3 potions of curing
 k - 4 potions of brilliance
 m - 2 potions of degeneration
 n - 2 potions of haste
 o - 2 potions of cancellation
 t - 3 potions of magic
 v - a potion of flight
 z - a potion of resistance {unknown}
 B - a potion of mutation {unknown}
 C - a potion of lignification {unknown}
Comestibles
 d - 30 rations


   Skills:
 - Level 10.0 Fighting
 + Level 13.0 Dodging
 - Level 10.0 Stealth
 - Level 10.0 Unarmed Combat
 + Level 3.3 Spellcasting
 - Level 8.0 Invocations
 - Level 5.2 Evocations


You had 15 spell levels left.
You didn't know any spells.
Your spell library contained the following spells:

 Spells                   Type           Power        Failure   Level  Hunger
 Infusion                 Chrm           #...         19%         1    None
 Shroud of Golubria       Chrm/Tloc      #.....       28%         2    ##.....
 Song of Slaying          Chrm           #.......     28%         2    ##.....
 Regeneration             Chrm/Necr      #.........   50%         3    ###....
 Cause Fear               Hex            #.........   88%         4    ####...
 Silence                  Hex/Air        #.........   99%         5    ######.
 Yara's Violent Unravell  Hex/Tmut       #.........   99%         5    ######.
 Deflect Missiles         Chrm/Air       #.........   100%        6    #######
 Discord                  Hex            #.........   100%        8    #######
 Spectral Weapon          Hex/Chrm       Unusable     N/A         3    N/A

Dungeon Overview and Level Annotations

Branches:
Dungeon (10/15)            Temple (1/1) D:5            Lair (5/6) D:9
  Swamp (0/4) Lair:3        Snake (0/4) Lair:3          Orc (0/2) D:9
  Slime: Lair:5-6

Altars:
Ashenzari
Cheibriados
Dithmenos
Elyvilon
Fedhas
Gozag
Hepliaklqana
Kikubaaqudgha
Makhleb
Nemelex Xobeh
Okawaru
Qazlal
Ru
Sif Muna
Trog
Uskayaw
Vehumet
Wu Jian
Xom
Yredelemnul
Zin
The Shining One

Shops:
D:4 (   D:10 *

Annotations:
Lair:4 Rupert


Innate Abilities, Weirdness & Mutations

You cannot wear armour.
You are incapable of wielding weapons or throwing items.
Your paws allow you to move quietly. (Stealth)
You have sharp claws.
You have razor-sharp teeth.
You have supernaturally acute eyesight. (SInv)
You are carnivorous and can eat meat at any time.
You cover ground quickly.
You are covered in thick fur. (AC +2)
You have a slow metabolism.
Your sharp claws are effective at attacking unaware monsters.


Message History

Your yak gores Rupert!
You claw Rupert!
Rupert is lightly wounded.
Rupert hits you with a +1 great mace of protection!!!
Ouch! That really hurt!
* * * LOW HITPOINT WARNING * * *
The yak gores your yak.
Your yak gores Rupert!
Unknown command.
Evoke which item? (* to show all) (? for menu, Esc to quit)
Aiming: Corrosive Bolt
Press: ? - help, Shift-Dir - straight line, f - yak, p - yak
Aim: a yak The bolt of acid misses Rupert.
The bolt of acid hits the yak!!
The yak is splashed with acid!
The acid corrodes the yak!
The yak is severely wounded.
The bolt of acid hits the yak!!
The yak is splashed with acid.
The yak is heavily wounded.
Rupert hits you with a +1 great mace of protection!!
Ouch! That really hurt!
You die...

#..................
#..................
##.................
##........).......
##................
#.Y.Y.............
##YY##............
##@#.Y............
#@.#...PP...#.....
##################


You could see Rupert (berserk), 3 yaks and a friendly yak.

Vanquished Creatures
  Gastronok (D:9)
  A two-headed ogre (D:8)
  An unseen horror (D:9)
  An elephant (Lair:4)
  A guardian serpent (Lair:3)
  4 black mambas
  2 rime drakes
  2 komodo dragons
  3 spiny frogs
  2 trolls
  Grinder (D:5)
  6 hippogriffs
  A basilisk (Lair:4)
  2 hungry ghosts
  12 yaks
  A human (D:9)
  2 insubstantial wisps (Lair:3)
  2 wargs (D:9)
  24 water moccasins
  6 porcupines
  2 ice beasts (D:10)
  2 orc warriors
  2 black bears
  A sky beast (D:2)
  2 phantoms
  An eye of draining (D:9)
  2 ogres (D:10)
  20 wolves
  3 centaurs
  4 crocodiles
  8 bullfrogs
  2 scorpions
  6 killer bees
  5 howler monkeys (D:9)
  4 wights
  An electric eel (Lair:2)
  6 crimson imps
  3 bullfrog zombies
  2 centaur zombies (D:9)
  A jelly (D:8)
  2 centaur skeletons (D:8)
  5 orc priests
  A bullfrog skeleton (D:9)
  4 hounds
  3 iguanas
  6 orc wizards
  9 worker ants
  A killer bee zombie (D:9)
  2 hound skeletons
  2 howler monkey skeletons
  2 worker ant zombies
  A gnoll (D:4)
  23 adders
  2 oozes (D:1)
  An adder zombie (D:9)
  A worm (D:2)
  2 dart slugs
  8 leopard geckos
  24 orcs
  8 bats
  7 giant cockroaches
  12 hobgoblins
  4 jackals (D:7)
  2 kobolds (D:2)
  2 quokkas
  3 ball pythons
  7 frilled lizards
  8 goblins
  2 goblin skeletons (D:8)
  2 hobgoblin zombies (D:8)
  2 jackal skeletons
  A jackal zombie (D:8)
  An orc skeleton (D:8)
  An orc zombie (D:8)
  7 rats
320 creatures vanquished.

Vanquished Creatures (collateral kills)
  An orc (D:6)
1 creature vanquished.

Vanquished Creatures (others)
  A yak (Lair:4)
  A sky beast (D:9)
  A hobgoblin (D:2)
  18 fungi
  6 plants
  3 toadstools (D:10)
30 creatures vanquished.

Grand Total: 351 creatures vanquished

Notes
Turn   | Place    | Note
-------+----------+-------------------------------------------
     0 | D:1      | MisterFreud the Felid Artificer began the quest for the
                  | Orb.
     0 | D:1      | Reached XP level 1. HP: 9/9 MP: 4/4
   171 | D:1      | Reached XP level 2. HP: 12/13 MP: 5/5
   551 | D:1      | Reached XP level 3. HP: 16/16 MP: 6/6
  1384 | D:2      | Noticed a sky beast
  1402 | D:2      | Killed a sky beast
  1402 | D:2      | Reached XP level 4. HP: 13/22 MP: 7/7
  1402 | D:2      | Reached XP level 5. HP: 15/25 MP: 8/8
  1683 | D:2      | Reached skill level 3 in Dodging
  2255 | D:3      | You fall into a shaft and drop 3 floors!
  2528 | D:5      | Entered Level 5 of the Dungeon
  2880 | D:5      | Noticed a phantom
  2888 | D:6      | Reached skill level 4 in Dodging
  2888 | D:6      | Gained mutation: You are covered in thick fur. (AC +2)
                  | [Felid growth]
  2888 | D:6      | Reached XP level 6. HP: 5/28 MP: 9/9
  4322 | D:3      | Reached skill level 5 in Dodging
  4807 | D:4      | Found an opulent altar of Gozag.
  4807 | D:4      | Found a shimmering blue altar of Sif Muna.
  4807 | D:4      | Found a glowing silver altar of Zin.
  4807 | D:4      | Found an ornate altar of the Wu Jian Council.
  4851 | D:4      | Reached skill level 6 in Dodging
  5087 | D:4      | Reached XP level 7. HP: 26/32 MP: 10/10
  6121 | D:4      | Found Pek Imok's Weapon Boutique.
  6716 | D:5      | Reached skill level 5 in Fighting
  6716 | D:5      | Reached skill level 7 in Dodging
  7093 | D:5      | Noticed Grinder
  7114 | D:5      | Killed Grinder
  7114 | D:5      | Reached skill level 8 in Dodging
  7114 | D:5      | Reached skill level 5 in Unarmed Combat
  7114 | D:5      | Reached XP level 8. HP: 37/37 MP: 11/11
  7116 | D:5      | Found a staircase to the Ecumenical Temple.
  7129 | Temple   | Entered the Ecumenical Temple
  7138 | Temple   | Became a worshipper of Uskayaw the Reveler
  7230 | D:5      | Reached * piety under Uskayaw
  7286 | D:5      | Reached ** piety under Uskayaw
  7746 | D:6      | Found a burning altar of Makhleb.
  7746 | D:6      | Found a radiant altar of Vehumet.
  7927 | D:7      | Reached *** piety under Uskayaw
  8037 | D:7      | Noticed a hippogriff
  8045 | D:7      | Killed a hippogriff
  8045 | D:7      | Reached skill level 9 in Dodging
  8421 | D:7      | Reached skill level 10 in Dodging
  8421 | D:7      | Reached skill level 5 in Stealth
  9255 | D:8      | Reached XP level 9. HP: 21/40 MP: 12/12
  9657 | D:8      | Found a glowing golden altar of the Shining One.
  9660 | D:8      | Noticed a two-headed ogre
  9730 | D:8      | Killed a two-headed ogre
  9730 | D:8      | Reached skill level 5 in Invocations
 10109 | D:9      | Noticed a troll
 10214 | D:9      | Reached skill level 5 in Evocations
 10861 | D:9      | Found a staircase to the Orcish Mines.
 10861 | D:9      | Noticed Gastronok
 10889 | D:9      | Reached **** piety under Uskayaw
 10919 | D:9      | Killed Gastronok
 10919 | D:9      | Reached XP level 10. HP: 47/47 MP: 14/14
 10971 | D:9      | Found a staircase to the Lair.
 11831 | D:9      | Noticed an unseen horror
 12754 | D:9      | Reached ***** piety under Uskayaw
 12771 | D:9      | HP: 1/48 [centaur warrior zombie (4)]
 12931 | D:9      | Killed an unseen horror
 13717 | D:9      | Reached XP level 11. HP: 52/52 MP: 16/16
 13896 | D:10     | Entered Level 10 of the Dungeon
 13923 | D:10     | Found Wassi's Assorted Antiques.
 14126 | D:10     | Bought a large cameo amulet for 160 gold pieces
 14733 | Lair:1   | Entered Level 1 of the Lair of Beasts
 15958 | Lair:1   | Slain by a wolf
 15959 | Lair:1   | Reached XP level 10. HP: -5/51 MP: 25/25
 16133 | Lair:2   | Noticed a spiny frog
 16135 | Lair:2   | Killed a spiny frog
 16239 | Lair:2   | Reached skill level 10 in Unarmed Combat
 16363 | Lair:2   | Reached skill level 10 in Fighting
 16607 | Lair:2   | Reached XP level 11. HP: 54/54 MP: 18/18
 16955 | Lair:2   | Reached skill level 10 in Stealth
 17252 | Lair:2   | Reached skill level 11 in Dodging
 17923 | Lair:3   | Found a staircase to the Snake Pit.
 17957 | Lair:3   | Reached skill level 12 in Dodging
 18172 | Lair:3   | Found a staircase to the Swamp.
 18399 | Lair:4   | Noticed Rupert
 18567 | Lair:4   | Reached skill level 1 in Spellcasting
 18630 | Lair:4   | Noticed a catoblepas
 18778 | Lair:5   | Noticed an eight-headed hydra
 19207 | Lair:4   | Reached skill level 13 in Dodging
 19599 | Lair:4   | HP: 1/54 [black mamba (18)]
 19602 | Lair:4   | Demolished by a black mamba
 19603 | Lair:4   | Reached XP level 10. HP: -14/51 MP: 17/17
 19640 | Lair:4   | Annihilated by Rupert

Levels and vault maps discovered:
D:1:      sevenhm_arrival_forest_fort_small_4, layout_loops_ring
D:2:      layout_basic, first_ration, lemuel_another_geyser
D:3:      layout_basic, minmay_pentangle
D:4:      layout_basic, grunt_temple_overflow_open, serial_shops,
          kennysheep_mini
D:5:      layout_loops_ring, temple_statues, gup_sewer_entry_pipe, uniq_grinder
D:6:      layout_cave_pools, grunt_temple_overflow_lords_of_destruction
D:7:      layout_basic
D:8:      layout_rooms, nicolae_tso_besieged_by_evil, serial_park_tiny_2,
          skrybe_limestone_x
D:9:      layout_basic, erik_lair_orcish_takeover, david_orc_2, grunt_pizzeria,
          uniq_gastronok
D:10:     layout_long_grid, serial_shops, nicolae_shop_statue_plus,
          minmay_gold_behind_fungi
Temple:   nicolae_temple_no_exploring_needed
Lair:1:   layout_layer_cave
Lair:2:   lemuel_reptile_caves, layout_misc_corridors,
          chequers_serial_rivers_micro_c, serial_bayou_shore_b
Lair:3:   layout_roguey, minmay_swamp_entry_wisps,
          minmay_snake_entry_spellcaster, grunt_megastairs_5
Lair:4:   layout_cave_shapes, serial_bayou_shore_a, uniq_rupert
Lair:5:   layout_regular_city, minmay_lair_oklob_chamber

Skill      XL: |  1  2  3  4  5  6  7  8  9 10 11 |
---------------+----------------------------------+-----
Stealth        | 2 4 7 8 9 10 | 10.0
Fighting       | 2 4 5 7 10 9 | 10.0
Dodging        | 4 6 8 10 13 | 13.0
Unarmed Combat | 2 3 5 7 10 9 | 10.0
Invocations    | 5 8 7 |  8.0
Evocations     | 5 |  5.2
Spellcasting   | 3 |  3.3

Action                   |  1- 3 |  4- 6 |  7- 9 | 10-12 || total
-------------------------+-------+-------+-------+-------++-------
Melee: Unarmed           |   106 |   211 |   469 |   842 ||  1628
       Bite              |    14 |    19 |    43 |    91 ||   167
       Punch             |       |     4 |     9 |    25 ||    38
Invok: Stomp             |       |       |     3 |       ||     3
Evoke: Wand              |     4 |     7 |    21 |    16 ||    48
  Use: Scroll            |       |    12 |     8 |     5 ||    25
       Potion            |       |     2 |     4 |     4 ||    10
 Stab: Sleeping          |    12 |    10 |     8 |    24 ||    54
       Confused          |     2 |       |       |       ||     2
       Paralysed         |       |       |    10 |    29 ||    39
       Distracted        |       |       |       |     6 ||     6
  Eat: Chunk             |     8 |     6 |    17 |    29 ||    60
Armor: Skin              |     5 |     8 |    18 |    13 ||    44
Dodge: Dodged            |    80 |   152 |   417 |   799 ||  1448

Table legend:
 A = Non-vault XP
 B = Vault XP
 C = Vault XP percentage of total XP
 D = Non-vault monster count
 E = Vault monster count
 F = Vault count percentage of total count
                 A         B        C        D         E       F
            +---------+---------+-------+---------+---------+-------
      Total |   21523 |    7753 |  26.5 |     247 |      75 |  23.3
            +---------+---------+-------+---------+---------+-------
        D:1 |      50 |       0 |   0.0 |      24 |       0 |   0.0
        D:2 |     224 |       0 |   0.0 |      20 |       0 |   0.0
        D:3 |      90 |      46 |  33.8 |      15 |       2 |  11.8
        D:4 |     311 |       0 |   0.0 |      14 |       0 |   0.0
        D:5 |     478 |     307 |  39.1 |      14 |       9 |  39.1
        D:6 |     205 |      48 |  19.0 |      15 |       1 |   6.2
        D:7 |     903 |       0 |   0.0 |      17 |       0 |   0.0
        D:8 |    1847 |      98 |   5.0 |      18 |       8 |  30.8
        D:9 |    3465 |    3018 |  46.6 |      29 |      16 |  35.6
       D:10 |    1470 |       0 |   0.0 |      15 |       0 |   0.0
     Lair:1 |    5283 |       0 |   0.0 |      30 |       0 |   0.0
     Lair:2 |    1508 |    3090 |  67.2 |       7 |      35 |  83.3
     Lair:3 |    1501 |    1146 |  43.3 |      10 |       4 |  28.6
     Lair:4 |    3705 |       0 |   0.0 |      17 |       0 |   0.0
     Lair:5 |     483 |       0 |   0.0 |       2 |       0 |   0.0
            +---------+---------+-------+---------+---------+-------
